 Dungeon Crawl Stone Soup version 0.29-a0-330-g52719c12eb (webtiles) character file.

Game seed: 130314409367767170

3798 tilp the Reanimator (level 10, -2/74 HPs)
             Began as a Gnoll Necromancer on Apr 28, 2022.
             Was a Believer of Makhleb.
             Slain by a wyvern (6 damage)
             ... on level 8 of the Dungeon.
             The game lasted 00:18:11 (13641 turns).

tilp the Reanimator (Gnoll Necromancer)            Turns: 13641, Time: 00:18:12

Health: -2/74      AC: 11    Str: 10    XL:     10   Next: 16%
Magic:  20/20      EV: 10    Int: 16    God:    Makhleb [**....]
Gold:   120        SH: 10    Dex: 13    Spells: 22/23 levels left

rFire   . . .      SeeInvis +   a - +1 trident (freeze)
rCold   . . .      Faith    .   q - +0 buckler
rNeg    . . .      Spirit   .   w - +0 scale mail
rPois   .          Reflect  +   F - +0 helmet
rElec   .          Harm     .   v - +0 cloak
rCorr   .          Rampage  .   (no gloves)
Will    .....                   o - +0 pair of boots
Stlth   ++........              x - amulet of reflection
HPRegen 0.22/turn               H - ring of see invisible
MPRegen 0.17/turn               (no ring)

@: no status effects
A: fangs 1, strong nose, distributed training
a: Renounce Religion, Minor Destruction


You were on level 8 of the Dungeon.
You worshipped Makhleb.
Makhleb was pleased with you.
You visited 2 branches of the dungeon, and saw 9 of its levels.
You also visited: Bailey.

You collected 465 gold pieces.
You spent 345 gold pieces at shops.

Inventory:

Hand Weapons
 a - a +1 trident of freezing (weapon)
 b - a +1 trident of protection
 p - a +1 dagger of venom
 y - a +0 lajatang
 G - a +1 war axe
Missiles
 r - 14 poisoned darts (quivered)
 u - 2 javelins
 A - 4 boomerangs
 L - a curare-tipped dart
Armour
 o - a +0 pair of boots (worn)
 q - a +0 buckler (worn)
 v - a +0 cloak (worn)
 w - a +0 scale mail (worn)
 B - a +2 crystal plate armour
 F - a +0 helmet (worn)
 K - a +0 chain mail
Jewellery
 n - the ring "Oqarghasi" {Contam rElec rF+ rC- Will++ rCorr}
   (You took it off an orc warrior in a bailey)

   [ring of protection from fire]

   rF:        It protects you from fire.
   rC:        It makes you vulnerable to cold.
   rElec:     It insulates you from electricity.
   Contam:    It causes magical contamination when unequipped.
   rCorr:     It protects you from acid and corrosion.
   Will:      It greatly increases your willpower.
 t - a ring of ice
 x - an amulet of reflection (around neck)
 H - a ring of see invisible (left hand)
Wands
 c - a wand of iceblast (7)
 d - a wand of polymorph (15)
 C - a wand of paralysis (5)
Scrolls
 e - 2 scrolls of immolation
 j - 4 scrolls of teleportation
 k - 2 scrolls of magic mapping
 m - a scroll of fog
Potions
 f - 7 potions of might
 g - 2 potions of magic
 h - 5 potions of curing
 i - a potion of flight
 l - a potion of heal wounds
 s - 2 potions of resistance
 z - 2 potions of lignification
 D - a potion of attraction
 E - 2 potions of haste
 I - a potion of brilliance
 J - a potion of ambrosia {unknown}


   Skills:
 + Level 5.0 Fighting
 + Level 5.0 Short Blades
 + Level 5.0 Long Blades
 + Level 5.0 Axes
 + Level 5.0 Maces & Flails
 + Level 5.0 Polearms
 + Level 5.0 Staves
 + Level 5.0 Slings
 + Level 5.0 Bows
 + Level 5.0 Crossbows
 + Level 5.0 Throwing
 + Level 5.0 Armour
 + Level 6.9 Dodging
 + Level 6.6 Stealth
 + Level 5.0 Shields
 + Level 5.0 Unarmed Combat
 + Level 7.2 Spellcasting
 + Level 4.1 Conjurations
 + Level 4.1 Hexes
 + Level 4.1 Summonings
 + Level 8.3 Necromancy
 + Level 4.1 Translocations
 + Level 4.1 Transmutations
 + Level 4.1 Fire Magic
 + Level 4.1 Ice Magic
 + Level 4.1 Air Magic
 + Level 4.1 Earth Magic
 + Level 4.1 Poison Magic
 + Level 5.5 Invocations
 + Level 5.0 Evocations


You had 22 spell levels left.
You knew the following spells:

 Your Spells              Type           Power      Damage    Failure   Level
a - Pain                  Necr           100%       1d9       3%          1

Your spell library contained the following spells:

 Spells                   Type           Power      Damage    Failure   Level
 Animate Skeleton         Necr           64%        N/A       3%          1
 Vampiric Draining        Necr           32%        2d8       9%          3
 Blink                    Tloc           38%        N/A       26%         2
 Animate Dead             Necr           16%        N/A       30%         4
 Dazzling Flash           Conj/Hex       38%        N/A       45%         3
 Lesser Beckoning         Tloc           19%        N/A       45%         3
 Agony                    Necr           32%        N/A       63%         5
 Manifold Assault         Tloc           19%        N/A       99%         5
 Silence                  Hex/Air        9%         N/A       99%         5


Dungeon Overview and Level Annotations

Branches:
Dungeon (8/15)             Temple (1/1) D:4          Bailey (visited)
   Lair: D:8-11

Altars:
Cheibriados
Dithmenos
Elyvilon
Fedhas
Gozag
Hepliaklqana
Kikubaaqudgha
Makhleb
Nemelex Xobeh
Okawaru
Qazlal
Ru
Sif Muna
Trog
Vehumet
Wu Jian
Xom
Yredelemnul

Shops:
D:1 [*([   D:6 !

Annotations:
D:3 1 runed translucent door, Crazy Yiuf
D:6 3 runed translucent doors, initializr's ghost, amateur MiBe


Innate Abilities, Weirdness & Mutations

You have very sharp teeth.
Your uncanny sense of smell can sniff out nearby items.
Your experience applies equally to all skills.


Message History

You hit the wyvern but do no damage. The wyvern completely misses you.
You block the wyvern's attack.
You hit the wyvern. You freeze the wyvern.
You bite the wyvern, but do no damage.
The wyvern is lightly wounded.
The wyvern bites you!
* * * LOW HITPOINT WARNING * * *
The wyvern bites you.
* * * LOW HITPOINT WARNING * * *
You feel much better. The wyvern barely misses you.
Unknown command.
You hit the wyvern but do no damage.
The wyvern is lightly wounded.
The wyvern bites you but does no damage.
The wyvern bites you.
You hit the wyvern but do no damage.
The wyvern is lightly wounded.
The wyvern bites you but does no damage.
The wyvern bites you.
You hit the wyvern but do no damage.
The wyvern is lightly wounded.
The wyvern bites you!
* * * LOW HITPOINT WARNING * * *
You hit the wyvern. You freeze the wyvern.
The wyvern is moderately wounded.
You block the wyvern's attack. The wyvern bites you.
* * * LOW HITPOINT WARNING * * *
You barely miss the wyvern.
The wyvern is moderately wounded.
The wyvern bites you!
* * * LOW HITPOINT WARNING * * *
You closely miss the wyvern.
The wyvern is moderately wounded.
The wyvern bites you.
* * * LOW HITPOINT WARNING * * *
You block the wyvern's attack.
You hit the wyvern but do no damage. Your bite misses the wyvern.
The wyvern is moderately wounded.
You block the wyvern's attack. The wyvern bites you.
You die...

♣. ((# .. .. ♣.#
#(###. .# ...
#(..#.∆.. #.#
#(..#.#.
#...#(..#...
#...#..>##.#####
#.#..)#........#
#.###l####..)..##
#.#..@#.[..)∩).<#
#.#..))##...)..##
###.#....'.......#
#........#########
#.#####+##
#.#####.#
#.......#
#########


You could see a wyvern.

Vanquished Creatures
  A two-headed ogre (D:8)
  Sigmund (D:3)
  Menkaure (D:7)
  A water moccasin (D:7)
  An ice beast (D:8)
  2 sky beasts
  8 orc warriors
  An ogre (D:5)
  2 centaurs (D:6)
  3 phantoms
  2 kobold brigands (D:8)
  A gnoll sergeant (D:7)
  2 necrophages
  3 scorpions
  5 killer bees (D:7)
  2 howler monkeys
  3 orc priests
  3 jellies
  A scorpion zombie (D:4)
  An iguana (D:6)
  10 gnolls
  5 adders
  A shadow imp (D:4)
  3 white imps
  4 ufetubi
  An adder zombie (D:4)
  5 dart slugs
  33 orcs
  6 bats
  A bat zombie (D:2)
  11 endoplasms
  4 giant cockroaches
  5 goblins
  7 hobgoblins
  3 jackals (D:1)
  5 quokkas
  7 ball pythons
  A ball python skeleton (D:2)
  A ball python zombie (D:2)
  2 frilled lizards
  13 kobolds
  2 quokka zombies (D:2)
  5 rats
  A spectral goblin (D:1)
180 creatures vanquished.

Vanquished Creatures (others)
  44 plants (D:8)
44 creatures vanquished.

Grand Total: 224 creatures vanquished

Notes
Turn   | Place    | Note
-------+----------+-------------------------------------------
     0 | D:1      | tilp the Gnoll Necromancer began the quest for the Orb.
     0 | D:1      | Reached XP level 1. HP: 13/13 MP: 6/6
   168 | D:1      | Found Nuggyago's Assorted Antiques.
   213 | D:1      | Found Urhaf's Antique Armour Emporium.
   376 | D:1      | Reached XP level 2. HP: 9/19 MP: 1/7
  1054 | D:1      | Found a faded altar of an unknown god.
  1060 | D:1      | Found Nedgh's Antique Weapon Shop.
  1442 | D:1      | Found Aklacsid's Armour Shop.
  1454 | D:1      | Reached XP level 3. HP: 19/25 MP: 3/9
  1554 | D:1      | Reached skill level 5 in Spellcasting
  2095 | D:2      | Reached skill level 1 in Invocations
  2247 | D:2      | Reached skill level 1 in Fighting
  2247 | D:2      | Reached skill level 1 in Short Blades
  2247 | D:2      | Reached skill level 1 in Long Blades
  2247 | D:2      | Reached skill level 1 in Axes
  2247 | D:2      | Reached skill level 1 in Maces & Flails
  2247 | D:2      | Reached skill level 1 in Polearms
  2247 | D:2      | Reached skill level 1 in Staves
  2247 | D:2      | Reached skill level 1 in Slings
  2247 | D:2      | Reached skill level 1 in Bows
  2247 | D:2      | Reached skill level 1 in Crossbows
  2247 | D:2      | Reached skill level 1 in Throwing
  2247 | D:2      | Reached skill level 1 in Armour
  2247 | D:2      | Reached skill level 1 in Shields
  2247 | D:2      | Reached skill level 1 in Unarmed Combat
  2247 | D:2      | Reached skill level 1 in Evocations
  2517 | D:2      | Reached XP level 4. HP: 22/32 MP: 11/11
  2988 | D:1      | Bought a scroll labelled EMUWKU WE GOGU for 19 gold pieces
  2988 | D:1      | Bought a viscous yellow potion for 17 gold pieces
  2988 | D:1      | Bought a scroll labelled PENWO XILYCH for 19 gold pieces
  3123 | D:3      | Reached skill level 1 in Conjurations
  3123 | D:3      | Reached skill level 1 in Hexes
  3123 | D:3      | Reached skill level 1 in Summonings
  3123 | D:3      | Reached skill level 1 in Translocations
  3123 | D:3      | Reached skill level 1 in Transmutations
  3123 | D:3      | Reached skill level 1 in Fire Magic
  3123 | D:3      | Reached skill level 1 in Ice Magic
  3123 | D:3      | Reached skill level 1 in Air Magic
  3123 | D:3      | Reached skill level 1 in Earth Magic
  3123 | D:3      | Reached skill level 1 in Poison Magic
  3891 | D:3      | Found a runed translucent door.
  3892 | D:3      | Noticed Crazy Yiuf
  4039 | D:3      | Noticed Sigmund
  4048 | D:3      | Killed Sigmund
  4049 | D:3      | Reached XP level 5. HP: 16/38 MP: 3/12
  4049 | D:3      | Reached XP level 6. HP: 19/44 MP: 3/14
  4557 | D:1      | Bought 2 green potions for 34 gold pieces
  4836 | D:4      | Reached skill level 5 in Dodging
  5070 | D:4      | Found a staircase to the Ecumenical Temple.
  5164 | Temple   | Entered the Ecumenical Temple
  5293 | Temple   | Became a worshipper of Makhleb the Destroyer
  5479 | D:4      | Found a bloodstained altar of Trog.
  5752 | D:4      | Found a basalt altar of Yredelemnul.
  5803 | D:4      | Noticed Ijyb
  5804 | D:4      | Paralysed by Ijyb for 4 turns
  5808 | D:4      | Noticed Ijyb
  5808 | D:4      | Ijyb changed into Ijyb the howler monkey
  5817 | D:4      | Killed Ijyb the howler monkey
  5832 | D:4      | Reached XP level 7. HP: 50/50 MP: 15/15
  6068 | D:5      | Entered Level 5 of the Dungeon
  6410 | D:5      | Reached skill level 5 in Stealth
  6684 | D:5      | Noticed a wyvern
  6769 | D:4      | Reached XP level 8. HP: 19/57 MP: 16/16
  7321 | D:5      | Found a white marble altar of Elyvilon.
  7586 | D:6      | Found Gisiann's Distillery.
  7687 | D:6      | Found a runed translucent gate.
  8052 | D:6      | Reached * piety under Makhleb
  8550 | D:6      | HP: 1/58 [centaur/+0 trident (7)]
  8862 | D:6      | Found a runed translucent gate.
  8864 | D:6      | Found a runed translucent gate.
  9118 | D:6      | Noticed initializr's ghost (amateur MiBe)
  9262 | D:1      | Bought a pair of shimmering boots for 256 gold pieces
  9262 | D:1      | Identified the -1 pair of boots of Broken Taboos {-Cast
                  | Str+4 Dex+2 Stlth+} (You bought it in a shop on level 1 of
                  | the Dungeon)
  9957 | D:7      | Noticed Menkaure
  9964 | D:7      | Killed Menkaure
 10058 | D:7      | Reached XP level 9. HP: 59/65 MP: 18/18
 10776 | D:7      | Reached skill level 8 in Necromancy
 11347 | D:8      | Found a flagged portal.
 11352 | Bailey   | Entered a bailey
 11406 | Bailey   | Reached ** piety under Makhleb
 12062 | Bailey   | Identified the ring "Oqarghasi" {Contam rElec rF+ rC-
                  | Will++ rCorr}
 12545 | Bailey   | Reached skill level 5 in Invocations
 13616 | D:8      | Noticed a two-headed ogre
 13631 | D:8      | Killed a two-headed ogre
 13632 | D:8      | Reached skill level 5 in Fighting
 13632 | D:8      | Reached skill level 5 in Short Blades
 13632 | D:8      | Reached skill level 5 in Long Blades
 13632 | D:8      | Reached skill level 5 in Axes
 13632 | D:8      | Reached skill level 5 in Maces & Flails
 13632 | D:8      | Reached skill level 5 in Polearms
 13632 | D:8      | Reached skill level 5 in Staves
 13632 | D:8      | Reached skill level 5 in Slings
 13632 | D:8      | Reached skill level 5 in Bows
 13632 | D:8      | Reached skill level 5 in Crossbows
 13632 | D:8      | Reached skill level 5 in Throwing
 13632 | D:8      | Reached skill level 5 in Armour
 13632 | D:8      | Reached skill level 5 in Shields
 13632 | D:8      | Reached skill level 5 in Unarmed Combat
 13632 | D:8      | Reached skill level 5 in Evocations
 13632 | D:8      | Reached XP level 10. HP: 15/74 MP: 20/20
 13641 | D:8      | Slain by a wyvern

Illustrated notes

Levels and vault maps discovered:
D:1:      dpeg_arrival_castle, layout_rooms,
          dreamdust_ecumenical_altar_drowned_temple, serial_shops, shop,
          nicolae_diamond_shop, nicolae_shop_temple_entry_statues_fountains,
          shop
D:2:      layout_loops_ring, serial_undead, serial_undead_c, serial_undead_e,
          serial_undead_c, serial_undead_d, serial_undead_a, serial_undead_d,
          kennysheep_decorative_pillar, minmay_box_of_dots
D:3:      layout_loops_ring, uniq_sigmund, uniq_crazy_yiuf_cottage
D:4:      layout_loops_ring, lemuel_zombie_altar_yredelemnul, trog_book,
          minmay_temple_entry_crystal_x, uniq_ijyb
D:5:      layout_loops_cross, elyvilon_altar_4
D:6:      layout_loops_corners, ebering_ghost_rock_garden, serial_shops,
          nicolae_stop_n_shop_1, minmay_misc_feat_doors,
          small_statue_intersection, kennysheep_generic_room_6
D:7:      layout_basic, dk_noncrumbling_3, grunt_decor_one_mirror, uniq_menkaure
D:8:      nzn_winding_woodlands_cross [nzn_winding_woodlands_5x15_lazy_stream,
          nzn_winding_woodlands_5x15_twine,
          nzn_winding_woodlands_5x15_concentric, nzn_winding_woodlands_5x15_eye,
          nzn_winding_woodlands_15x15_five_gardens], layout_basic,
          nicolae_tso_carved_into_rock, david_lair_generic, enter_bailey_2
Temple:   regret_index_temple_waves

Skill      XL: |  1  2  3  4  5  6  7  8  9 |
---------------+----------------------------+-----
Spellcasting   | 5 6 7 |  7.2
Invocations    | 1 2 3 4 5 |  5.5
Fighting       | 1 2 3 5 |  5.0
Short Blades   | 1 2 3 5 |  5.0
Long Blades    | 1 2 3 5 |  5.0
Axes           | 1 2 3 5 |  5.0
Maces & Flails | 1 2 3 5 |  5.0
Polearms       | 1 2 3 5 |  5.0
Staves         | 1 2 3 5 |  5.0
Slings         | 1 2 3 5 |  5.0
Bows           | 1 2 3 5 |  5.0
Crossbows      | 1 2 3 5 |  5.0
Throwing       | 1 2 3 5 |  5.0
Armour         | 1 2 3 5 |  5.0
Shields        | 1 2 3 5 |  5.0
Unarmed Combat | 1 2 3 5 |  5.0
Evocations     | 1 2 3 5 |  5.0
Conjurations   | 1 2 3 4 |  4.1
Hexes          | 1 2 3 4 |  4.1
Summonings     | 1 2 3 4 |  4.1
Translocations | 1 2 3 4 |  4.1
Transmutations | 1 2 3 4 |  4.1
Fire Magic     | 1 2 3 4 |  4.1
Ice Magic      | 1 2 3 4 |  4.1
Air Magic      | 1 2 3 4 |  4.1
Earth Magic    | 1 2 3 4 |  4.1
Poison Magic   | 1 2 3 4 |  4.1
Dodging        | 5 6 |  6.9
Stealth        | 5 6 |  6.6
Necromancy     | 8 |  8.3

Action                   |  1- 3 |  4- 6 |  7- 9 | 10-12 || total
-------------------------+-------+-------+-------+-------++-------
Melee: Dagger            |    14 |    34 |     5 |       ||    53
       Spear             |    65 |    64 |       |       ||   129
       Bite              |    14 |    17 |    35 |     1 ||    67
       Punch             |     1 |     5 |     4 |       ||    10
       War axe           |       |    61 |    38 |       ||    99
       Trident           |       |       |   492 |     9 ||   501
Throw: Dart              |       |     5 |     8 |       ||    13
 Cast: Pain              |    43 |    29 |     9 |       ||    81
Evoke: Wand              |       |     1 |    11 |       ||    12
  Use: Scroll            |       |    11 |     6 |       ||    17
       Potion            |       |     1 |     2 |     1 ||     4
 Stab: Sleeping          |    10 |     6 |     7 |       ||    23
       Paralysed         |       |       |    12 |       ||    12
Armor: Robe              |    21 |       |       |       ||    21
       Leather armour    |     3 |    24 |       |       ||    27
       Scale mail        |       |    23 |   191 |     2 ||   216
Dodge: Dodged            |    70 |    98 |   171 |     2 ||   341
Block: Other             |       |    10 |    57 |       ||    67
       Reflection        |       |     1 |     2 |       ||     3
       Buckler           |       |       |   138 |     4 ||   142

Table legend: (Time is in decaauts)
 A = Elapsed time spent in this place.
 B = Non-inter-level travel time spent in this place.
 C = Inter-level travel time spent in this place.
 D = Time resting spent in this place.
 E = Time spent auto-exploring this place.
 F = Levels seen in this place.
 G = Mean time per level.
                   A        B        C        D        E       F      G
               +--------+--------+--------+--------+--------+-----+--------+
         Total |  13773 |  13033 |    740 |   4090 |   6989 |  10 | 1377.3 |
       Dungeon |  11455 |  10769 |    686 |   2523 |   6576 |   8 | 1431.9 |
        Temple |    167 |    114 |     53 |      0 |    100 |   1 |  167.0 |
        Bailey |   2150 |   2150 |      0 |   1567 |    311 |   1 | 2150.0 |
               +--------+--------+--------+--------+--------+-----+--------+

Top non-repeatable levels by time:
  Bailey: 2150 daAuts
     D:3: 1949 daAuts
     D:4: 1726 daAuts
     D:1: 1724 daAuts
     D:6: 1650 daAuts
     D:7: 1599 daAuts
     D:2: 1499 daAuts
     D:5: 1140 daAuts
  Temple: 167 daAuts
     D:8: 165 daAuts
